Map: Cactus Valley LE (Void)

Players

Bop

  • Race: Terran Terran

Nathanias - Winner!

  • Race: Terran Terran

VOD

Have the link to the VOD?

Description

Time

  • Played on: May 3, 2015, 10:12 p.m.
  • Length: 4:27
Show
View Real Time Build Order
Export as new Build Order

Bop Terran 

Build Orders:  

Get SALT Encoding   

  12  0:00  SCV  
  13  0:13  SCV  
  14  0:23  Supply Depot  
  14  0:25  SCV  
  15  0:39  Refinery  
  15  0:44  SCV  
  15  0:46  Barracks  
  16  0:56  SCV  
  17  1:00  Barracks  
  17  1:09  SCV  
  18  1:21  SCV  
  19  1:33  Reaper  
  19  1:34  Orbital Command  
  20  1:49  Reaper  
  20  1:52  Supply Depot  
  21  2:05  Reaper  
  22  2:15  Refinery, Barracks  
  22  2:18  Barracks  
  22  2:21  SCV, Reaper  
  24  2:50  Reaper  
  24  2:54  Bunker  
  24  2:55  SCV  
  24  2:56  Reaper  
  25  3:14  Reaper  
  25  3:15  Reaper  
  25  3:29  Reaper  
  25  3:30  Reaper  
  27  3:40  Command Center, SCV  
  27  3:46  Reaper  
  28  3:50  Reaper  
  28  3:52  SCV  
  30  4:16  Missile Turret  
  31  4:19  Missile Turret  
Show
View Real Time Build Order
Export as new Build Order

Nathanias Terran - Winner!

Build Orders: 1/1/1, Banshee Rush 

Get SALT Encoding   

  12  0:01  SCV  
  13  0:13  SCV  
  14  0:18  Supply Depot  
  14  0:25  SCV  
  15  0:32  Refinery  
  15  0:39  SCV  
  16  0:47  Barracks  
  16  0:51  SCV  
  17  1:03  SCV  
  18  1:15  SCV  
  19  1:34  Factory  
  19  1:35  Marine, Orbital Command  
  19  1:39  Refinery  
  20  1:43  Supply Depot  
  20  1:54  Barracks Tech Lab  
  20  2:01  SCV  
  21  2:12  Supply Depot  
  21  2:13  SCV  
  22  2:18  Starport  
  22  2:22  Marine  
  22  2:25  SCV, Hellion  
  25  2:37  SCV  
  26  2:46  Hellion  
  26  2:49  SCV  
  28  2:55  Banshee  
  28  2:56  Cloaking Field  
  31  3:01  SCV  
  31  3:13  SCV  
  31  3:16  Hellion  
  34  3:25  SCV  
  34  3:38  SCV, Hellion  
  37  3:52  SCV  
  37  3:53  Supply Depot  
  38  4:04  SCV  
  39  4:12  Barracks Reactor  
  39  4:13  Factory Tech Lab  
  39  4:16  Supply Depot  
Tags
 
Add a new tag
Caveats
  • Supply blocks, unpowered buildings, or Contaminate may cause inaccurate times.
  • Supply counts are checked every 10 seconds.